 Dungeon Crawl Stone Soup version 0.28-a0-691-gad6df49e81 (webtiles) character file.

Game seed: 6124675446939237018

71 cheechan the Sneak (level 4, -5/27 HPs)
             Began as an Octopode Enchanter on Oct 20, 2021.
             Killed by divine providence
             ... invoked by an orc priest
              (13 damage)
             ... on level 3 of the Dungeon.
             The game lasted 00:09:41 (2419 turns).

cheechan the Sneak (Octopode Enchanter)             Turns: 2419, Time: 00:09:42

Health: -5/27      AC:  1    Str:  7    XL:     4   Next: 24%
Magic:  7/7        EV: 13    Int: 17    God:
Gold:   35         SH:  0    Dex: 13    Spells: 2/7 levels left

rFire   . . .      SeeInvis .   a - +3 dagger
rCold   . . .      Faith    .   (no shield)
rNeg    . . .      Spirit   .   (helmet restricted)
rPois   .          Reflect  .   (no amulet)
rElec   .          Harm     .   (no ring)
rCorr   .          Rampage  .   (no ring)
Will    .....                   (no ring)
Stlth   ++++......              (no ring)
HPRegen 0.09/turn               (no ring)
MPRegen 0.10/turn               (no ring)
                                (no ring)
                                (no ring)

@: no status effects
A: almost no armour, amphibious, 8 rings, camouflage 1, gelatinous body 1,
(nimble swimmer 1), tentacles
a: no special abilities


You were on level 3 of the Dungeon.
You visited 1 branch of the dungeon, and saw 3 of its levels.

You collected 35 gold pieces.

Inventory:

Hand Weapons
 a - a +3 dagger (weapon)
 f - a +0 hunting sling
 h - a +2 dagger of venom
Missiles
 c - 72 stones
 e - 19 arrows
 g - 15 poisoned darts (quivered)
 i - 16 bolts
Scrolls
 j - 2 scrolls of fear
Potions
 b - 2 potions of invisibility
 d - a potion of lignification


   Skills:
 + Level 0.2 Fighting
 + Level 2.1 Short Blades
 + Level 2.3 Dodging
 + Level 5.3 Stealth
 + Level 2.2 Spellcasting
 + Level 3.2 Hexes


You had 2 spell levels left.
You knew the following spells:

 Your Spells              Type           Power      Damage    Failure   Level
a - Ensorcelled Hibernat  Hex/Ice        14%        N/A       14%         2
b - Tukima's Dance        Hex            12%        N/A       16%         3

Your spell library contained the following spells:

 Spells                   Type           Power      Damage    Failure   Level
 Blink                    Tloc           N/A        N/A       28%         2
 Confusing Touch          Hex            12%        N/A       16%         3
 Dazzling Flash           Conj/Hex       14%        N/A       28%         3
 Portal Projectile        Hex/Tloc       14%        N/A       28%         3
 Call Canine Familiar     Summ           1%         N/A       50%         3
 Leda's Liquefaction      Hex/Erth       3%         N/A       67%         4
 Iskenderun's Mystic Bla  Conj/Tloc      1%         2d3       88%         4
 Manifold Assault         Tloc           1%         N/A       99%         5
 Starburst                Conj/Fire      0%         6d3       100%        6
 Storm Form               Tmut/Air       0%         N/A       100%        7


Dungeon Overview and Level Annotations

Branches:
Dungeon (3/15)

Altars:
Sif Muna

Shops:
D:1 (


Innate Abilities, Weirdness & Mutations

You cannot wear most types of armour.
You are amphibious.
You can wear up to eight rings at the same time.
Your skin changes colour to match your surroundings (Stealth+).
Your rubbery body absorbs attacks. (AC +1, EV +1)
((You are camouflaged near water. (Stealth+)))
You have tentacles for arms and can constrict up to eight enemies at once.


Message History

i - 16 bolts
There is a stone staircase leading up here.
There is a stone staircase leading down here.
You climb downwards.
There is a stone staircase leading up here.
An orc priest comes into view. It is wielding a +0 flail.
The orc priest shouts!
You closely miss the orc priest.
The orc shouts!
The orc priest shouts!
You grab the orc priest. You constrict the orc priest.
The orc priest barely misses you.
You hit the orc priest.
The orc priest is moderately wounded.
You constrict the orc priest. The orc priest barely misses you.
You hit the orc priest.
The orc priest is heavily wounded.
You constrict the orc priest.
The orc priest calls upon Beogh to heal the orc priest.
The orc priest is healed somewhat.
The orc priest closely misses you.
You hit the orc priest.
The orc priest is heavily wounded.
You constrict the orc priest. The orc barely misses you.
The orc priest miscasts a cantrip.
The orc priest hits you with a +0 trident.
You hit the orc priest. You squeeze the orc priest.
You kill the orc priest!
The orc hits you with a +0 flail.
Your Short Blades skill increases to level 2!
You have reached level 4!
The orc misses you.
The orc priest hits you with a +0 flail.
* * * LOW HITPOINT WARNING * * *
Things that are here:
a +0 trident; an orc corpse Unknown command.
You closely miss the orc priest. You grab the orc priest.
You constrict the orc priest. The orc barely misses you.
The orc priest invokes the aid of Beogh against you.
Beogh smites you!
You die...

##+##
##...##
##.....##
##.......##
#.........#
+....o....+
#....@o...#
##.......##
##.....##
##<..##
##+##


You could see an orc priest and an orc.

Vanquished Creatures
  An orc priest (D:3)
  2 worms (D:2)
  A dart slug (D:2)
  An endoplasm (D:1)
  A giant cockroach (D:2)
  4 goblins
  3 hobgoblins
  4 quokkas
  8 ball pythons
  2 bats (D:1)
  2 frilled lizards
  A kobold (D:2)
  5 rats (D:2)
35 creatures vanquished.

Notes
Turn   | Place    | Note
-------+----------+-------------------------------------------
     0 | D:1      | cheechan the Octopode Enchanter began the quest for the
                  | Orb.
     0 | D:1      | Reached XP level 1. HP: 11/11 MP: 3/3
   255 | D:1      | Reached XP level 2. HP: 11/17 MP: 5/5
   259 | D:1      | Learned a level 2 spell: Ensorcelled Hibernation
   399 | D:1      | Found a faded altar of an unknown god.
   728 | D:1      | Found Mittynon's Antique Weapon Shop.
  1736 | D:2      | Found a shimmering blue altar of Sif Muna.
  1761 | D:2      | Reached XP level 3. HP: 14/21 MP: 6/6
  2083 | D:2      | Reached skill level 5 in Stealth
  2134 | D:2      | Learned a level 3 spell: Tukima's Dance
  2418 | D:3      | Reached XP level 4. HP: 13/27 MP: 7/7
  2419 | D:3      | Killed from afar by an orc priest

Illustrated notes

Levels and vault maps discovered:
D:1:      amcnicky_arrival_double_pillar, layout_basic, serial_shops,
          shop_statue, ebering_ecumenical_altar_hall, interstate_on_off
D:2:      layout_rooms, basic_altar
D:3:      layout_loops_corners

Skill      XL: |  1  2  3 |
---------------+----------+-----
Stealth        | 5 |  5.3
Short Blades   | 2 |  2.1
Fighting       | |  0.2
Dodging        | |  2.3
Spellcasting   | |  2.2
Hexes          | |  3.2

Action                   |  1- 3 |  4- 6 || total
-------------------------+-------+-------++-------
Melee: Dagger            |    77 |     1 ||    78
       Constrict         |    19 |     1 ||    20
       Tentacles         |     8 |       ||     8
 Cast: Ensorcelled Hiber |     1 |       ||     1
  Use: Scroll            |     6 |       ||     6
 Stab: Sleeping          |     8 |       ||     8
Armor: Skin              |    14 |       ||    14
Dodge: Dodged            |    48 |     2 ||    50

Table legend: (Time is in decaauts)
 A = Elapsed time spent in this place.
 B = Non-inter-level travel time spent in this place.
 C = Inter-level travel time spent in this place.
 D = Time resting spent in this place.
 E = Time spent auto-exploring this place.
 F = Levels seen in this place.
 G = Mean time per level.
                   A        B        C        D        E       F      G
               +--------+--------+--------+--------+--------+-----+--------+
         Total |   2413 |   2413 |      0 |    769 |      0 |   3 |  804.3 |
       Dungeon |   2413 |   2413 |      0 |    769 |      0 |   3 |  804.3 |
               +--------+--------+--------+--------+--------+-----+--------+

Top non-repeatable levels by time:
     D:1: 1232 daAuts
     D:2: 1172 daAuts
     D:3: 8 daAuts
